 Dungeon Crawl Stone Soup version 0.31-a0-1091-g283494c966 (webtiles) character file.

Game seed: 13677798472240096419

175 night the Shooter (level 5, -2/32 HPs)
             Began as a Gargoyle Hunter on Nov 28, 2023.
             Killed from afar by Ijyb (9 damage)
             ... with a puff of flame
             ... on level 3 of the Dungeon.
             The game lasted 00:04:32 (1859 turns).

night the Shooter (Gargoyle Hunter)                 Turns: 1859, Time: 00:04:32

Health: -2/32      AC:  9    Str: 14    XL:     5   Next: 55%
Magic:  5/5        EV: 11    Int: 10    God:
Gold:   183        SH:  0    Dex: 15    Spells: 4/4 levels left

rFire   . . .        a - +0 shortbow
rCold   . . .        (shield currently unavailable)
rNeg    + . .        g - +0 ring mail
rPois   ∞            (no helmet)
rElec   +            (no cloak)
rCorr   .            (no gloves)
SInv    .            (no boots)
Will    .....        (no amulet)
Stlth   +            (no ring)
HPRegen 0.25/turn    (no ring)
MPRegen 0.09/turn

%: no passive effects
@: weak-willed
A: sickness immunity, AC +4, negative energy resistance 1, electricity
resistance, torment resistance 1, petrification resistance
a: no special abilities


You were on level 3 of the Dungeon.
You visited 1 branch of the dungeon, and saw 3 of its levels.

You collected 183 gold pieces.

Inventory:

Hand Weapons
 a - a +0 shortbow (weapon)
Missiles
 e - 37 stones
 j - 5 atropa-tipped darts
 k - 4 poisoned darts
Armour
 c - a +0 leather armour
 g - a +0 ring mail (worn)
Jewellery
 l - a ring of fire
Scrolls
 b - 2 scrolls of butterflies
Potions
 d - 2 potions of cancellation
 f - a potion of curing {unknown}
 h - a potion of brilliance {unknown}


   Skills:
 + Level 3.5 Fighting
 * Level 5.4 Ranged Weapons
 + Level 2.5 Armour
 - Level 1.5 Dodging
 - Level 1.1 Stealth


You had 4 spell levels left.
You didn't know any spells.
Your spell library contained the following spells:

 Spells                   Type           Power      Damage    Failure   Level
 Shock                    Conj/Air       0%         1d3       58%         1
 Blink                    Tloc           0%         N/A       75%         2
 Lesser Beckoning         Tloc           0%         N/A       75%         2
 Momentum Strike          Conj/Tloc      0%         3d8       75%         2
 Iskenderun's Battlesphe  Conj           0%         2d6       100%        5
 Chain Lightning          Conj/Air       0%         N/A       100%        9


Dungeon Overview and Level Annotations

Branches:
Dungeon (3/15)

Altars:
Qazlal

Annotations:
D:3 Ijyb


Innate Abilities, Weirdness & Mutations

You are immune to sickness and miasma.
Your stone body is resilient. (AC +4)
You are immune to poison.
You resist negative energy. (rN+)
You are resistant to electric shocks. (rElec)
You are resistant to unholy torment.
You are immune to petrification.


Message History

As you read the scroll labelled JOIRI LIOROKH, it dissolves into smoke.
It was a scroll of fog.
As you read the scroll labelled TOLLOI JIOSEBI, it crumbles to dust.
Magic quickly surges around you.
It was a scroll of vulnerability.
There is an open door here.
Found two stone staircases leading down.
Ijyb the Twisted Goblin comes into view.
She is wielding a +0 dagger and carrying a wand of flame.
Ijyb shouts!
You shoot an arrow. The arrow hits Ijyb but does no damage.
Ijyb zaps a wand.
The puff of flame hits you.
Ijyb zaps a wand.
The puff of flame hits you.
You shoot an arrow. The arrow hits Ijyb.
Ijyb is lightly wounded.
You shoot an arrow. The arrow barely misses Ijyb.
You shoot an arrow. The arrow barely misses Ijyb.
You shoot an arrow. The arrow closely misses Ijyb.
Ijyb zaps a wand.
The puff of flame hits you!
You shoot an arrow. The arrow hits Ijyb but does no damage.
Ijyb is lightly wounded.
You aren't carrying any items that you can evoke.
You shoot an arrow. The arrow barely misses Ijyb.
Ijyb completely misses you.
You shoot an arrow. The arrow barely misses Ijyb.
Ijyb zaps a wand.
The puff of flame hits you.
You shoot an arrow. The arrow hits Ijyb but does no damage.
Ijyb is lightly wounded.
Ijyb hits you with a +0 dagger. Ijyb closely misses you.
You shoot an arrow. The arrow hits Ijyb.
Ijyb is moderately wounded.
Ijyb zaps a wand.
The puff of flame hits you!
* * * LOW HITPOINT WARNING * * *
You shoot an arrow. The arrow hits Ijyb.
Ijyb is heavily wounded.
Ijyb misses you.
You shoot an arrow. The arrow hits Ijyb.
Ijyb is severely wounded.
Ijyb hits you with a +0 dagger.
* * * LOW HITPOINT WARNING * * *
You shoot an arrow. The arrow hits Ijyb.
Ijyb is severely wounded.
Ijyb barely misses you.
Ijyb zaps a wand.
The puff of flame hits you!
You die...

#.###.#.♣§♣§...♣♣.♣#§P.♣,,,,,,,**
.#**#.#..P.P♣.......♣.§#***,****
..........§§...#..#...§# *,*
,.......§.♣..#.#.♣##.♣♣####.#
*####.#...####.#..........>.#
#.#....,,.>........######
#.#.#.##*#######.###
#,.....,,..#####.########****
**##*##**#.......@g......,,,,
################****


You could see Ijyb.

Vanquished Creatures
  6 gnolls
  3 adders (D:2)
  4 worms (D:2)
  A dart slug (D:2)
  5 bats
  7 endoplasms
  4 giant cockroaches
  7 goblins
  8 hobgoblins
  6 jackals
  4 kobolds
  6 quokkas
  6 ball pythons
  A frilled lizard (D:1)
  2 rats (D:1)
70 creatures vanquished.

Notes
Turn   | Place    | Note
-------+----------+-------------------------------------------
     0 | D:1      | night the Gargoyle Hunter began the quest for the Orb.
     0 | D:1      | Reached XP level 1. HP: 12/12 MP: 1/1
    89 | D:1      | Reached XP level 2. HP: 18/18 MP: 2/2
   345 | D:1      | Reached skill level 1 in Armour
   414 | D:1      | Reached XP level 3. HP: 19/22 MP: 3/3
   557 | D:1      | Found a faded altar of an unknown god.
   837 | D:2      | Reached XP level 4. HP: 28/28 MP: 4/4
  1085 | D:2      | Reached skill level 5 in Ranged Weapons
  1114 | D:2      | Reached skill level 2 in Armour
  1349 | D:2      | Reached XP level 5. HP: 16/32 MP: 5/5
  1649 | D:3      | Found a stormy altar of Qazlal.
  1659 | D:3      | Got the Omnibus of Fulmination
  1846 | D:3      | Noticed Ijyb
  1859 | D:3      | Killed from afar by Ijyb

Illustrated notes

Levels and vault maps discovered:
D:1:      minmay_arrival_three_doors, layout_basic,
          hellmonk_ecumenical_altar_heavens_door, minmay_splitting_lines,
          minmay_indecisive_spiral
D:2:      minmay_angry_zag, layout_basic
D:3:      wad_woods_tower, layout_loops_ring, amcnicky_altar_gilded, uniq_ijyb

Skill      XL: |  1  2  3  4 |
---------------+-------------+-----
Armour         | 1 2 |  2.5
Fighting       | 3 |  3.5
Ranged Weapons | 5 |  5.4
Dodging        | |  1.5
Stealth        | |  1.1

Action                     |  1- 3 |  4- 6 || total
---------------------------+-------+-------++-------
   Fire: Shortbow          |    93 |   163 ||   256
    Use: Scroll            |       |     9 ||     9
 Armour: Leather armour    |    14 |       ||    14
         Ring mail         |    10 |    61 ||    71
  Dodge: Dodged            |    14 |    73 ||    87

Table legend: (Time is in decaauts)
 A = Elapsed time spent in this place.
 B = Non-inter-level travel time spent in this place.
 C = Inter-level travel time spent in this place.
 D = Time resting spent in this place.
 E = Time spent auto-exploring this place.
 F = Levels seen in this place.
 G = Mean time per level.
                   A        B        C        D        E       F      G
               +--------+--------+--------+--------+--------+-----+--------+
         Total |   1926 |   1850 |     76 |     92 |   1248 |   3 |  642.0 |
       Dungeon |   1926 |   1850 |     76 |     92 |   1248 |   3 |  642.0 |
               +--------+--------+--------+--------+--------+-----+--------+

Top non-repeatable levels by time:
     D:1: 792 daAuts
     D:2: 676 daAuts
     D:3: 458 daAuts
